 Dungeon Crawl Stone Soup version 0.20-a0-1050-g57248f3 (webtiles) character file.

39 M4edhros the Slasher (level 3, -4/26 HPs)
             Began as an Octopode Fighter on Apr 25, 2017.
             Killed from afar by Blork the orc (8 damage)
             ... with a magic dart
             ... on level 4 of the Dungeon.
             The game lasted 00:00:55 (802 turns).

M4edhros the Slasher (Octopode Fighter)              Turns: 802, Time: 00:00:56

Health: -4/26      AC:  1    Str: 15    XL:     3   Next: 45%
Magic:  3/3        EV: 11    Int: 10    God:
Gold:   65         SH:  8    Dex: 12    Spells: 2/2 levels left

rFire    + . .     SeeInvis .   a - +0 long sword
rCold    + . .     Gourm    .   b - +0 shield
rNeg     . . .     Faith    .   (helmet restricted)
rPois    +         Spirit   .   (no amulet)
rElec    +         Reflect  .   e - ring of protection from magic
rCorr    +         Harm     .   (no ring)
MR       +....                  (no ring)
Stlth    ++........             (no ring)
Regen    0.1/turn               (no ring)
MPRegen  0.1/turn               (no ring)
                                (no ring)
                                (no ring)

@: resistant
A: almost no armour, stealthy swim, amphibious, 8 rings, constrict 8, camouflage
1, gelatinous body 1
a: no special abilities


You were on level 4 of the Dungeon.
You were not hungry.

You visited 1 branch of the dungeon, and saw 4 of its levels.

You collected 65 gold pieces.

Inventory:

Hand Weapons
 a - a +0 long sword (weapon)
Armour
 b - a +0 shield (worn)
Jewellery
 e - a ring of protection from magic (left tentacle)
Wands
 n - a wand of flame (27/48)
Scrolls
 f - a scroll of fog {unknown}
 g - a scroll of remove curse {unknown}
 i - 2 scrolls of identify {unknown}
 m - 3 scrolls of magic mapping {unknown}
 o - a scroll of fear {unknown}
 p - a scroll of teleportation {unknown}
Potions
 c - a potion of might
 j - a potion of haste
 k - 4 potions of curing {unknown}
 l - 2 potions of mutation {unknown}
Comestibles
 d - 2 bread rations


   Skills:
 - Level 3.0 Fighting
 + Level 3.7 Long Blades
 - Level 3.0 Dodging
 - Level 3.0 Shields


You had 2 spell levels left.
You didn't know any spells.

Dungeon Overview and Level Annotations

Branches:
Dungeon (4/15)
 Temple: D:4-7

Altars:
Gozag
Kikubaaqudgha
Ru
Uskayaw
Zin
The Shining One

Annotations:
D:4 Blork the orc


Innate Abilities, Weirdness & Mutations

You cannot wear most types of armour.
You are very stealthy in the water. (Stealth+)
You are amphibious.
You can wear up to eight rings at the same time.
You can use your tentacles to constrict eight enemies at once.
Your skin changes colour to match your surroundings (Stealth+).
Your rubbery body absorbs attacks. (AC +1, EV +1)


Message History

The puff of frost misses you. The worker ant barely misses you.
You riposte.
You hit the worker ant but do no damage.
You grab the worker ant.
Your shield prevents you from hitting the worker ant.
You constrict Blork the orc. You constrict the worker ant.
Blork the orc barely misses you. The worker ant bites you.
Blork the orc gestures at you while chanting.
The puff of flame hits you! You resist.
A hound comes into view.
Unknown command.
The hound barks!
You hit the worker ant but do no damage.
The worker ant is lightly wounded.
You constrict Blork the orc. You constrict the worker ant.
Blork the orc gestures at you while chanting.
The puff of flame hits you! You resist. The worker ant bites you!
* * * LOW HITPOINT WARNING * * *
Blork the orc casts a spell at you. The magic dart hits you!
You die...

#.###.#...................
#.###.#.......##.##########
#.....#.......##.........<#
#######.......#############
........................
################........
#........ #........
#@....$.. #oa......
#.......[ #........
#.....h.. #........
#........ #........


You could see Blork the orc, a hound and a worker ant.

Vanquished Creatures
  An adder (D:2)
  A dart slug (D:2)
  A leopard gecko (D:2)
  A bat (D:1)
  3 goblins
  5 hobgoblins
  2 jackals (D:2)
  2 quokkas
  A frilled lizard (D:3)
  3 kobolds
  6 rats
26 creatures vanquished.

Notes
Turn   | Place    | Note
-------+----------+-------------------------------------------
     0 | D:1      | M4edhros the Octopode Fighter began the quest for the Orb.
     0 | D:1      | Reached XP level 1. HP: 16/16 MP: 1/1
   224 | D:1      | Reached XP level 2. HP: 16/21 MP: 2/2
   386 | D:2      | Reached XP level 3. HP: 22/26 MP: 3/3
   444 | D:3      | Found a glowing golden altar of the Shining One.
   465 | D:3      | Noticed a dagger
   465 | D:3      | Noticed a dagger
   466 | D:3      | Found a hide-covered altar of Uskayaw.
   507 | D:3      | Found an ancient bone altar of Kikubaaqudgha.
   515 | D:3      | Found a sacrificial altar of Ru.
   578 | D:3      | Found an opulent altar of Gozag.
   579 | D:3      | Found a glowing silver altar of Zin.
   793 | D:4      | Noticed Blork the orc
   802 | D:4      | Killed from afar by Blork the orc

Vault maps used:
D:1:      enne_arrival_octagon_isle
D:3:      grunt_temple_overflow_gold_and_silver, lemuel_crystal_altar,
          dancing_weapons_uskayaw, grunt_temple_overflow_open,
          chequers_ecumenical_altar_twisty, first_bread, minmay_strange_pillars
D:4:      serial_shops, nicolae_shop_waterfront, uniq_blork_the_orc

Skill      XL: |  1  2 |
---------------+-------+-----
Long Blades    | 3 |  3.7
Fighting       | |  3.0
Dodging        | |  3.0
Shields        | |  3.0

Action                   || total
-------------------------++-------
Melee: Long sword        ||    46
       Constrict         ||    19
       Tentacles         ||     9
  Use: Potion            ||     1
 Stab: Sleeping          ||     3
Armor: Skin              ||     4
Dodge: Dodged            ||    21
Block: Shield            ||    25
       Rpst.: Long sword ||     8
